 Dungeon Crawl Stone Soup version 0.27.0-1-g7a08968 (webtiles) character file.

Game seed: 189197247193376380

247 Illumine the Slasher (level 5, 0/45 HPs)
             Began as a Minotaur Fire Elementalist on Aug 10, 2021.
             Slain by a white imp (2 damage)
             ... on level 7 of the Dungeon.
             The game lasted 00:06:46 (4481 turns).

Illumine the Slasher (Minotaur Fire Elementalist)   Turns: 4481, Time: 00:06:47

Health: 0/45       AC:  2    Str: 13    XL:     5   Next: 85%
Magic:  10/15      EV: 12    Int: 12    God:
Gold:   160        SH:  0    Dex: 11    Spells: 5/6 levels left

rFire    . . .     SeeInvis .   h - +0 falchion
rCold    . . .     Faith    .   (no shield)
rNeg     . . .     Spirit   .   a - +0 robe
rPois    .         Reflect  .   (helmet restricted)
rElec    .         Harm     .   (no cloak)
rCorr    .         Rampage  .   (no gloves)
Will     .....                  (no boots)
Stlth    ++........             b - amulet of the acrobat
HPRegen  0.15/turn              c - ring of magical power
MPRegen  0.14/turn              (no ring)

@: no status effects
A: horns 2, retaliatory headbutt
a: no special abilities


You were on level 7 of the Dungeon.
You visited 1 branch of the dungeon, and saw 5 of its levels.

You collected 172 gold pieces.
You spent 12 gold pieces at shops.

Inventory:

Hand Weapons
 h - a +0 falchion (weapon)
 q - a +0 hunting sling
Missiles
 d - 6 javelins
 o - a throwing net
 r - 38 stones
 y - 15 sling bullets
Armour
 a - a +0 robe (worn)
 i - a +0 chain mail
 x - a +0 tower shield
Jewellery
 b - an amulet of the acrobat (around neck)
 c - a ring of magical power (left hand)
Scrolls
 e - 2 scrolls of teleportation
 g - a scroll of enchant weapon {unknown}
 k - 2 scrolls of fog
 m - a scroll of blinking {unknown}
 p - a scroll of fear {unknown}
 t - a scroll of acquirement {unknown}
 w - a scroll of vulnerability {unknown}
Potions
 f - a potion of attraction {unknown}
 j - a potion of lignification {unknown}
 l - a potion of degeneration
 s - 3 potions of magic
 u - a potion of curing {unknown}
 v - 2 potions of heal wounds


   Skills:
 + Level 3.1 Fighting
 * Level 4.2 Long Blades
 + Level 0.8 Armour
 + Level 2.4 Dodging
 - Level 1.5 Stealth
 - Level 3.2 Unarmed Combat
 - Level 1.3 Spellcasting
 - Level 0.6 Conjurations
 - Level 2.1 Fire Magic


You had 5 spell levels left.
You knew the following spells:

 Your Spells              Type           Power      Damage    Failure   Level
a - Foxfire               Conj/Fire      16%        2x1d4     17%         1

Your spell library contained the following spells:

 Spells                   Type           Power      Damage    Failure   Level
 Conjure Flame            Conj/Fire      4%         6-21      45%         3
 Inner Flame              Hex/Fire       3%         N/A       50%         3
 Sticky Flame             Conj/Fire      4%         2d3       86%         4
 Animate Armour           Summ/Erth      0%         N/A       96%         4
 Fireball                 Conj/Fire      2%         3d4       99%         5
 Blade Hands              Tmut           0%         N/A       100%        5
 Iron Shot                Conj/Erth      0%         9d1       100%        6


Dungeon Overview and Level Annotations

Branches:
Dungeon (4/15)
 Temple: D:4-7

Altars:
Sif Muna

Shops:
D:3 !

Annotations:
D:4 1 runed translucent door, momijiyamamura's ghost, amateur TrMo
D:7 Harold


Innate Abilities, Weirdness & Mutations

You have a pair of horns on your head.
You reflexively headbutt those who attack you in melee.


Message History

Pain shoots through your body!
You hit the shadow imp.
The shadow imp is heavily wounded.
The foxfire hits the shadow imp.
The shadow imp is heavily wounded.
The foxfire hits the shadow imp but does no damage.
The shadow imp is heavily wounded.
The white imp barely misses you. The shadow imp barely misses you.
Your magical contamination has completely faded away.
Casting: Foxfire (safe; 17% risk of failure)
Confirm with . or Enter, or press ? or * to list all spells.
You conjure some foxfire!
The white imp closely misses you. The shadow imp misses you.
You hit the shadow imp.
The shadow imp is almost dead.
The foxfire hits the shadow imp but does no damage.
The shadow imp is almost dead.
The foxfire hits the white imp but does no damage.
The white imp closely misses you.
The shadow imp shouts, "Begone, thou qualling fat-kidneyed bugbear!"
The shadow imp hits you.
Casting: Foxfire (safe; 17% risk of failure)
Confirm with . or Enter, or press ? or * to list all spells.
You conjure some foxfire!
The white imp gestures at you. The puff of frost hits you!
* * * LOW HITPOINT WARNING * * *
The shadow imp hits you.
* * * LOW HITPOINT WARNING * * *
Unknown command.
You hit the shadow imp but do no damage.
The shadow imp is severely wounded.
The foxfire hits the shadow imp.
The shadow imp is almost dead.
The foxfire hits the white imp.
The white imp is lightly wounded.
The white imp hits you.
* * * LOW HITPOINT WARNING * * *
The white imp freezes you.
You die...

#........###
#..........#.#
#..........###
#.............
#..........:.#
#.............
#..).........#
#....§.......#
#....§@5.....#
#......5.....#
##############
#######
#......
#......
#......


You could see a white imp and a shadow imp.

Vanquished Creatures
  A bullfrog zombie (D:3)
  Jessica (D:3)
  2 iguanas
  2 adders (D:4)
  4 gnolls (D:3)
  3 dart slugs
  An orc (D:3)
  5 ball pythons
  2 bats (D:1)
  8 endoplasms
  A giant cockroach (D:1)
  4 goblins
  4 hobgoblins
  12 jackals
  7 quokkas
  3 frilled lizards
  3 kobolds
  9 rats
72 creatures vanquished.

Vanquished Creatures (others)
  210 foxfires
210 creatures vanquished.

Grand Total: 282 creatures vanquished

Notes
Turn   | Place    | Note
-------+----------+-------------------------------------------
     0 | D:1      | Illumine the Minotaur Fire Elementalist began the quest for
                  | the Orb.
     0 | D:1      | Reached XP level 1. HP: 14/14 MP: 1/1
   578 | D:1      | Reached skill level 1 in Unarmed Combat
   896 | D:1      | Reached XP level 2. HP: 20/20 MP: 0/3
  1259 | D:1      | You fall into a shaft and drop 1 floor!
  1288 | D:2      | Reached XP level 3. HP: 21/26 MP: 4/4
  2195 | D:3      | Found Zelinaf's Distillery.
  2203 | D:3      | Bought a potion of degeneration for 12 gold pieces
  2205 | D:3      | Found a shimmering blue altar of Sif Muna.
  2288 | D:3      | Reached skill level 1 in Fighting
  2288 | D:3      | Reached skill level 1 in Long Blades
  2690 | D:3      | Reached XP level 4. HP: 35/35 MP: 5/5
  3008 | D:3      | Reached skill level 2 in Long Blades
  3451 | D:3      | Reached skill level 3 in Long Blades
  3451 | D:3      | Reached XP level 5. HP: 42/42 MP: 6/6
  3491 | D:3      | Noticed Jessica
  3501 | D:3      | Killed Jessica
  3828 | D:4      | Reached skill level 4 in Long Blades
  4398 | D:4      | Found a runed translucent door.
  4409 | D:4      | Noticed momijiyamamura's ghost (amateur TrMo)
  4446 | D:4      | You fall into a shaft and drop 3 floors!
  4447 | D:7      | Noticed Harold
  4480 | D:7      | HP: 2/45 [shadow imp (4)]
  4481 | D:7      | Slain by a white imp

Illustrated notes

Levels and vault maps discovered:
D:1:      lightli_arrival_lavapool, layout_basic
D:2:      layout_rooms
D:3:      minmay_recursive_quarters, layout_basic,
          mainiacjoe_overflow_boulevard, serial_shops, shop,
          kennysheep_jessica_study
D:4:      layout_layer_cave, ebering_ghost_reflecting_pool
D:7:      layout_basic, minmay_a_box_with_orc_wizards_in_it,
          uniq_prince_ribbit1, uniq_harold

Skill      XL: |  1  2  3  4  5 |
---------------+----------------+-----
Unarmed Combat | 1 3 |  3.2
Fighting       | 1 2 3 |  3.1
Long Blades    | 1 3 4 |  4.2
Armour         | |  0.8
Dodging        | |  2.4
Stealth        | |  1.5
Spellcasting   | |  1.3
Conjurations   | |  0.6
Fire Magic     | |  2.1

Action                   |  1- 3 |  4- 6 || total
-------------------------+-------+-------++-------
Melee: Unarmed           |    39 |       ||    39
       Headbutt          |     4 |     7 ||    11
       Falchion          |     2 |    35 ||    37
 Cast: Foxfire           |    61 |    63 ||   124
  Use: Scroll            |       |     4 ||     4
Armor: Robe              |    14 |     5 ||    19
Dodge: Dodged            |    67 |    50 ||   117
       Rpst.: Falchion   |     3 |    13 ||    16
